Map: Lerilak Crest

Players

MarineLorD - Winner!

  • Race: Terran Terran
  • League: Grandmaster

Nerchio

  • Race: Zerg Zerg
  • League: Grandmaster

Event: 2016 WCS Winter Challenger Europe

VOD

Have the link to the VOD?

Description

Time

  • Played on: Feb. 13, 2016, 1:25 p.m.
  • Length: 5:01

All games in this series

Show
View Real Time Build Order
Export as new Build Order

MarineLorD Terran - Winner!

Build Orders: Reaper Expand 

Get SALT Encoding   

  12  0:00  SCV  
  13  0:12  SCV  
  14  0:17  Supply Depot  
  14  0:24  SCV  
  15  0:39  SCV  
  15  0:41  Barracks  
  16  0:43  Refinery  
  16  0:51  SCV  
  17  1:03  SCV  
  18  1:15  SCV  
  19  1:28  Orbital Command  
  19  1:29  Reaper  
  20  1:43  Command Center  
  20  1:52  Supply Depot  
  20  1:54  SCV  
  21  2:00  Marine  
  22  2:06  SCV  
  23  2:11  Factory  
  23  2:18  SCV  
  23  2:20  Barracks Reactor  
  23  2:21  Refinery  
  24  2:30  SCV  
  25  2:42  SCV  
  26  2:46  Bunker  
  26  2:54  SCV  
  26  2:57  Orbital Command  
  27  2:59  Marine x2  
  27  3:00  Starport  
  27  3:02  Widow Mine  
  31  3:06  SCV  
  32  3:17  Marine x2  
  34  3:20  Supply Depot  
  34  3:21  SCV  
  34  3:23  SCV  
  36  3:33  Factory Tech Lab, SCV  
  37  3:35  Marine x2  
  37  3:39  SCV  
  40  3:43  Supply Depot  
  40  3:45  SCV, Medivac  
  43  3:51  SCV  
  43  3:53  Marine x2  
  46  3:55  Siege Tank  
  46  3:57  SCV  
  50  4:09  SCV  
  51  4:10  Marine x2  
  51  4:15  Bunker  
  53  4:19  SCV  
  53  4:22  SCV  
  57  4:28  Marine  
  57  4:31  SCV  
  58  4:34  SCV  
  58  4:36  Marine  
  55  4:43  SCV  
  54  4:46  SCV  
Show
View Real Time Build Order
Export as new Build Order

Nerchio Zerg 

Build Orders: Pool First 

Get SALT Encoding   

  12  0:00  Drone  
  13  0:12  Overlord  
  13  0:17  Drone  
  14  0:30  Drone x2  
  14  0:34  Drone  
  17  0:46  Spawning Pool  
  17  0:48  Drone  
  17  0:56  Drone  
  18  1:12  Hatchery  
  18  1:15  Drone  
  18  1:19  Drone  
  18  1:21  Extractor  
  18  1:32  Queen  
  18  1:33  Zergling x2  
  21  1:41  Drone  
  22  1:49  Overlord  
  22  2:07  Drone  
  22  2:08  Queen  
  23  2:11  Drone  
  26  2:20  Metabolic Boost  
  26  2:25  Queen  
  26  2:28  Drone x2  
  30  2:34  Drone  
  30  2:35  Drone  
  31  2:40  Drone x2  
  31  2:41  Drone  
  34  2:45  Overlord  
  34  2:47  Drone  
  35  2:56  Roach Warren  
  34  2:58  Drone  
  34  2:59  Extractor  
  34  3:02  Drone  
  35  3:05  Drone  
  35  3:07  Drone  
  37  3:15  Overlord  
  37  3:21  Overlord  
  37  3:37  Roach x3  
  37  3:38  Roach x4  
  37  3:41  Roach  
  53  3:48  Overlord  
  53  3:52  Zergling x2  
  55  3:55  Zergling x2  
  55  3:56  Zergling x4  
  55  3:57  Zergling x2  
  58  4:04  Overlord  
  58  4:07  Zergling x2  
  58  4:08  Zergling x4  
  61  4:13  Zergling x2  
  64  4:17  Ravager x2  
  64  4:19  Overlord  
  64  4:21  Ravager  
  64  4:22  Overlord  
  63  4:35  Zergling x2  
  55  4:39  Roach  
  55  4:40  Roach x3  
  60  4:47  Drone x2  
  60  4:48  Drone  
Tags
 
Add a new tag
Caveats
  • Supply blocks, unpowered buildings, or Contaminate may cause inaccurate times.
  • Supply counts are checked every 10 seconds.